Cogmind - Beta 13 @@@ ROGUE MODE // 2024.04.01 @ 18:32:06 Player: lazy_engineer Result: Destroyed by Y-45 Defender with Beam Rifle Performance ------------- Evolutions (2) 1000 Regions Visited (6) 1200 Robots Destroyed (63) 315 Value Destroyed (1921) 1921 Prototype IDs (1) 20 Alien Tech Used (0) 0 Bonus (944) 944 TOTAL SCORE: 5400 Bonus ------- High Alert Combat Kills 247 Follower Combat Kills 197 Entered Garrisons 200 Aligned with FarCom 300 Cogmind --------- Core Integrity 0/550 Matter 283/300 Energy 17/100 System Corruption 2% Temperature Cool (9) Movement Core (250) Ox4 Location -8/Garrison Parts ------- > --- POWER (1) -------- (None) > --- PROPULSION (4) --- (None) > --- UTILITY (4) ------ Medium Storage Unit Improved Signal Interpreter Improved Terrain Scan Processor > --- WEAPON (2) ------- Beam Rifle > --- INVENTORY (10) --- Advanced Visual Processing Unit Improved Terrain Scanner Hardened Medium Armor Plating Remote Force Field Datajack Mining Laser Peak State ------------ > --- POWER ------------ Light Angular Momentum Engine > --- PROPULSION ------- Flying Fortress v7 > --- UTILITY ---------- Medium Storage Unit Improved Terrain Scanner Improved Terrain Scan Processor Hardened Medium Armor Plating > --- WEAPON ----------- High-powered Shotgun Great Maul > --- INVENTORY -------- Light Nuclear Core Advanced Treads Trap Scanner Advanced Visual Processing Unit Improved Signal Interpreter Seismic Detector Seismic Detector Relay Coupler [Demolisher] Datajack Mining Laser [Rating: 55] Favorites ----------- Power Light Ion Engine Engine Light Ion Engine Power Core Light Nuclear Core Propulsion Flying Fortress v7 Treads Advanced Treads Leg Aluminum Leg Wheel Wheel Flight Unit Flying Fortress v7 Utility Medium Storage Unit Device Improved Terrain Scanner Storage Medium Storage Unit Processor Improved Terrain Scan Processor Protection Hardened Medium Armor Plating Weapon High-powered Shotgun Energy Gun Pulse Rifle Ballistic Gun High-powered Shotgun Ballistic Cannon Light Cannon Special Weapon Mining Laser Impact Weapon Great Maul Special Melee Weapon Datajack Build | -11 -10 -10 -10 -9 -8 -8 ------- Run | Yrd Mat Min Exi Min Mat Gar Slots Evolved 4 | . . . . . 4 . Power . | . . . . . . . Propulsion 2 | . . . . . 2 . Utility 2 | . . . . . 2 . Weapon . | . . . . . . . Parts Attached 54 | 7 3 11 2 1 5 25 Power 6 | 1 . 1 1 . . 3 Engine 4 | 1 . 1 1 . . 1 Core 2 | . . . . . . 2 Reactor . | . . . . . . . Propulsion 6 | 2 . 2 . . 1 1 Treads 1 | . . . . . . 1 Leg 2 | . . 2 . . . . Wheel 2 | 2 . . . . . . Hover . | . . . . . . . Flight 1 | . . . . . 1 . Utility 16 | 2 2 3 1 1 2 5 Device 8 | 1 1 2 1 1 1 1 Storage 2 | 1 1 . . . . . Processor 2 | . . . . . 1 1 Hackware . | . . . . . . . Protection 4 | . . 1 . . . 3 Artifact . | . . . . . . . Weapon 26 | 2 1 5 . . 2 16 Energy Gun 6 | 1 . 2 . . 1 2 Energy Cannon . | . . . . . . . Ballistic Gun 9 | 1 . 1 . . 1 6 Ballistic Cannon 1 | . 1 . . . . . Launcher . | . . . . . . . Special Weapon 2 | . . 1 . . . 1 Impact Weapon 5 | . . 1 . . . 4 Slashing Weapon . | . . . . . . . Piercing Weapon . | . . . . . . . Special Melee Weapon 3 | . . . . . . 3 Unidentified Prototypes 1 | . . . . . 1 . Corrupted Parts 1 | . . . . . . 1 System Corruption 1 | . . . . . . 1 Parts Lost 16 | . . 5 . . . 11 Power 4 | . . 1 . . . 3 Propulsion 2 | . . 1 . . . 1 Utility 2 | . . 1 . . . 1 Weapon 8 | . . 2 . . . 6 Highest Loss Streak 5 | . . 5 . . . 4 To Critical Strikes . | . . . . . . . Average Slot Usage (%) 76 | . 100 85 100 100 71 69 Engine 9 | . 14 13 14 14 9 7 Leg 5 | . . 14 28 28 . . Wheel 1 | . 28 1 . . . . Flight 5 | . . . . . 8 7 Device 12 | . 14 5 14 14 17 11 Storage 10 | . 14 14 14 14 9 9 Processor 7 | . . . . . 8 12 Protection 2 | . . 8 . . . 3 Energy Gun 5 | . 1 17 . . 3 2 Ballistic Gun 9 | . 14 2 14 14 13 7 Special Weapon 1 | . . 5 . . . . Impact Weapon 4 | . . 1 14 14 . 6 Naked Turns . | . . . . . . . Heaviest Build 35 | 14 20 23 23 22 23 35 Greatest Support 50 | 20 20 20 20 20 50 50 Greatest Overweight (x) 8 | . . 2 1 1 . 8 Average Overweight (x) . | . . . 1 1 . . Largest Inventory Capacity 10 | 8 10 10 10 10 10 10 Average Capacity 9 | 7 8 10 10 10 10 10 Most Carried 10 | 6 7 10 10 10 10 10 Average Carried 7 | 3 6 9 9 10 6 8 Final Capacity 10 | 8 10 10 10 10 10 10 Final Carried 10 | 5 7 10 10 10 10 6 Class Distribution -------------------- 60% | Scout 31% | Mutant 5% | Scavenger-Mutant Dominant Class ---------------- Mutant | -10/Materials Mutant | -10/Mines Mutant | -10/Exiles Mutant | -9/Mines Scout | -8/Materials Scout | -8/Garrison Resources | -11 -10 -10 -10 -9 -8 -8 ----------- Run | Yrd Mat Min Exi Min Mat Gar Matter Collected 1201 | 353 172 108 . . 45 523 Remotely . | . . . . . . . Salvage Created 1702 | 218 340 217 . . 69 858 Parts 122 | 22 22 20 . . 11 47 Haulers Intercepted . | . . . . . . . Recyclers Shooed 1 | . . 1 . . . . Parts Field Recycled . | . . . . . . . Retrieved Matter . | . . . . . . . Parts Self-Destructed . | . . . . . . . Prevented . | . . . . . . . Kills | -11 -10 -10 -10 -9 -8 -8 ------- Run | Yrd Mat Min Exi Min Mat Gar Combat Hostiles Destroyed 50 | . 11 9 . . 6 24 Melee 8 | . . . . . . 8 Guns 23 | . 3 4 . . 6 10 Cannons 12 | . 8 4 . . . . AOE 1 | . . 1 . . . . Classes Destroyed 10 | 3 3 . . . 1 3 Worker 2 | 1 1 . . . . . Tunneler 8 | 8 . . . . . . Recycler 1 | 1 . . . . . . Mechanic 1 | . 1 . . . . . Operator 1 | . . . . . 1 . Swarmer 20 | . 3 5 . . 6 6 Cutter 3 | . . . . . . 3 Grunt 17 | . 8 4 . . . 5 Sentry 7 | . . . . . . 7 Programmer 3 | . . . . . . 3 Best Kill Streak 10 | 2 10 6 . . 4 6 Combat Bots Only 9 | . 9 6 . . 3 6 Max Kills in Single Turn 1 | 1 1 1 . . 1 1 Gunslinging . | . . . . . . . Exploded 1 | . . 1 . . . . Melee 1 | . . . . . . 1 Uniques/NPCs Destroyed . | . . . . . . . Combat | -11 -10 -10 -10 -9 -8 -8 -------- Run | Yrd Mat Min Exi Min Mat Gar Hostile Shots Fired 341 | . 56 25 . . 16 244 Missed 104 | . 9 7 . . 6 82 Damage Taken 3268 | . 470 223 . . 79 2496 Core 759 | . 135 63 . . 12 549 Absorbed by Shields . | . . . . . . . Redirected to Shielding 5 | . . 5 . . . . Core Remaining (%) 60 | 100 . . . 20 . . Volleys Fired 184 | 83 34 21 . . 9 37 Largest 2 | 2 2 2 . . 2 2 Hottest 163 | 60 60 140 . . 88 163 Shots Fired 261 | 96 68 29 . . 18 50 Gun 216 | 96 36 19 . . 18 47 Cannon 40 | . 32 8 . . . . Launcher . | . . . . . . . Special 5 | . . 2 . . . 3 Kinetic 206 | 83 66 9 . . 13 35 Thermal 22 | . . 7 . . 5 10 Explosive . | . . . . . . . Electromagnetic 33 | 13 2 13 . . . 5 Robot Hit Streak 7 | 7 6 4 . . 3 5 Robot Miss Streak 5 | 2 5 5 . . 5 5 Penetration Max . | . . . . . . . Secondary Targets 3 | . . . . . 1 2 Max Gunslinging Chain 1 | . . . . . 1 1 Shots Hit Robots 195 | 58 41 15 . . 10 71 Core Hits 87 | 19 22 14 . . 7 25 Critical Kills 3 | . . . . . . 3 Critical Parts Destroyed 8 | . 1 . . . . 7 Critical Strikes 14 | . 2 . . . . 12 Destroy 1 | . 1 . . . . . Blast 1 | . 1 . . . . . Corrupt 1 | . . . . . . 1 Smash 11 | . . . . . . 11 Melee Attacks 59 | . . . . . . 59 Impact 51 | . . . . . . 51 Slashing . | . . . . . . . Piercing . | . . . . . . . Sneak Attacks 6 | . . . . . . 6 Combat Hostiles 1 | . . . . . . 1 Follow-up Attacks . | . . . . . . . Damage Inflicted 3625 | 498 577 274 . . 169 2107 Guns 1654 | 498 192 137 . . 169 658 Cannons 453 | . 385 68 . . . . Explosions 45 | . . 45 . . . . Melee 1449 | . . . . . . 1449 Ramming . | . . . . . . . Kinetic 1698 | 415 577 68 . . 99 539 Thermal 206 | . . 100 . . 70 36 Explosive . | . . . . . . . Electromagnetic 272 | 83 . 106 . . . 83 Impact 1449 | . . . . . . 1449 Slashing . | . . . . . . . Piercing . | . . . . . . . Highest Corruption 2 | . . . . . . 2 Average Corruption 1 | . . . . . . 1 Corruption Purged . | . . . . . . . Corruption Blocked . | . . . . . . . Effects 8 | . . . . . . 8 Message Errors 1 | . . . . . . 1 Matter Fused 2 | . . . . . . 2 Heat Flow Errors 2 | . . . . . . 2 Energy Discharges 2 | . . . . . . 2 Alerts 1 | . . . . . . 1 Overload Shots . | . . . . . . . Overflow Damage 536 | . . 4 . . . 532 Projectiles . | . . . . . . . Explosions 4 | . . 4 . . . . Melee 532 | . . . . . . 532 Knockbacks 6 | . 2 . . . . 4 Impact 4 | . . . . . . 4 Kinetic 2 | . 2 . . . . . Secondary . | . . . . . . . Self-Inflicted Damage 166 | . . 13 . . . 153 Shots 2 | . . 1 . . . 1 Rammed . | . . . . . . . Targets Rammed . | . . . . . . . Kicked . | . . . . . . . Crushed . | . . . . . . . Highest Temperature 389 | 40 90 107 . . 139 389 Average Temperature 79 | 19 28 32 . . 56 146 Received Heat Transfer 1089 | . 162 81 . . . 846 Effects 2 | . . . . . . 2 Energy Bleed 1 | . . . . . . 1 Matter Decay 1 | . . . . . . 1 Siege Activations . | . . . . . . . Robots Corrupted . | . . . . . . . Combat Hostiles . | . . . . . . . Parts Fried 8 | 1 . . . . . 7 Impact Corruptions 21 | . . . . . . 21 Robots Melted . | . . . . . . . Combat Hostiles . | . . . . . . . Parts Melted 1 | . . 1 . . . . Heat Transferred 447 | . . 225 . . 148 74 Parts Sabotaged . | . . . . . . . Parts Stolen . | . . . . . . . Parts Stripped . | . . . . . . . Power Chain Reactions 1 | . . 1 . . . . Alert | -11 -10 -10 -10 -9 -8 -8 ------- Run | Yrd Mat Min Exi Min Mat Gar Peak Influence 1493 | 50 318 217 . . 90 1493 Initial 123 | . 32 123 . . . 61 Average 278 | 22 168 108 . . 13 625 Maximum Alert Level 4 | . 1 1 . . . 4 Low Security (%) 64 | 100 58 73 . 100 100 25 Level 1 9 | . 41 26 . . . 8 Level 2 8 | . . . . . . 21 Level 3 10 | . . . . . . 27 Level 4 6 | . . . . . . 16 Level 5 . | . . . . . . . High Security . | . . . . . . . Max Security . | . . . . . . . Squads Dispatched 4 | . 3 1 . . . . Investigation 3 | . 2 1 . . . . Extermination . | . . . . . . . Reinforcement 1 | . 1 . . . . . Assault . | . . . . . . . Garrison . | . . . . . . . Intercept . | . . . . . . . Searches Triggered . | . . . . . . . Construction Impeded . | . . . . . . . Haulers Reinforced . | . . . . . . . Active Scanning Responses . | . . . . . . . Cargo Convoy Interrupts . | . . . . . . . Stealth | -11 -10 -10 -10 -9 -8 -8 --------- Run | Yrd Mat Min Exi Min Mat Gar Distress Signals 1 | . . 1 . . . . Communications Jammed . | . . . . . . . Distress Signals . | . . . . . . . Times Spotted 65 | . 14 13 . . 7 31 Peak Tracking Total 12 | . 4 3 . . 3 12 Tactical Retreats 3 | . . . . . . 3 Traps | -11 -10 -10 -10 -9 -8 -8 ------- Run | Yrd Mat Min Exi Min Mat Gar Traps Triggered 4 | . 1 . . . . 3 Indirectly . | . . . . . . . Trap Hack Attempts . | . . . . . . . Triggered . | . . . . . . . Disarmed . | . . . . . . . Reprogrammed . | . . . . . . . Reused . | . . . . . . . Traps Extracted . | . . . . . . . Installed . | . . . . . . . Triggered 1 | . . . . . . 1 Most Traps Carried 3 | . . 3 . . . . Machines | -11 -10 -10 -10 -9 -8 -8 ---------- Run | Yrd Mat Min Exi Min Mat Gar Machines Disabled 3 | . . . . . . 3 Max in Single Turn 2 | . . . . . . 2 Garrison Relay 1 | . . . . . . 1 Phase Generator 1 | . . . . . . 1 Machines Repaired . | . . . . . . . Machines Dismantled . | . . . . . . . Machines Sabotaged . | . . . . . . . Overloaded Fab Kills . | . . . . . . . Hacking | -11 -10 -10 -10 -9 -8 -8 --------- Run | Yrd Mat Min Exi Min Mat Gar Machines Accessed 5 | . 1 1 . . 1 2 Terminals 3 | . 1 . . . . 2 Fabricators . | . . . . . . . Repair Stations . | . . . . . . . Recycling Units . | . . . . . . . Scanalyzers . | . . . . . . . Garrison Access 1 | . . . . . 1 . Total Hacks 8 | . 3 1 . . 2 2 Successful 5 | . 1 1 . . 2 1 Failed 3 | . 2 . . . . 1 Catastrophic 1 | . . . . . . 1 Database Lockouts . | . . . . . . . Manual 1 | . . . 1 . . . Terminals 5 | . 3 . . . . 2 Fabricators . | . . . . . . . Repair Stations . | . . . . . . . Recycling Units . | . . . . . . . Scanalyzers . | . . . . . . . Garrison Access 2 | . . . . . 2 . Terminal Hacks 3 | . 1 1 . . . 1 Open Door 2 | . . 1 . . . 1 Alert Level 1 | . 1 . . . . . Fabricator Hacks . | . . . . . . . Repair Station Hacks . | . . . . . . . Recycling Unit Hacks . | . . . . . . . Scanalyzer . | . . . . . . . Garrison Access Hacks 2 | . . . . . 2 . Unlock Access 1 | . . . . . 1 . Coupler Status 1 | . . . . . 1 . Unauthorized Hacks . | . . . . . . . Terminals . | . . . . . . . Fabricators . | . . . . . . . Repair Stations . | . . . . . . . Recycling Units . | . . . . . . . Scanalyzers . | . . . . . . . Garrison Access . | . . . . . . . Data Cores Recovered 1 | . . . . . 1 . Used . | . . . . . . . Hacking Detections 4 | . 1 . . . 1 2 Full Trace Events 1 | . 1 . . . . . Feedback Events . | . . . . . . . Feedback Blocked . | . . . . . . . Robot Schematics Acquired . | . . . . . . . Robots Built . | . . . . . . . Authchips . | . . . . . . . Time . | . . . . . . . Total Robot Build Rating . | . . . . . . . Part Schematics Acquired . | . . . . . . . Parts Built . | . . . . . . . Authchips . | . . . . . . . Time . | . . . . . . . Total Part Build Rating . | . . . . . . . Parts Repaired . | . . . . . . . Time . | . . . . . . . Parts Recycled . | . . . . . . . Recycled Matter . | . . . . . . . Retrieved Matter . | . . . . . . . Retrieved Components . | . . . . . . . Parts Scanalyzed . | . . . . . . . Part Schematics Acquired . | . . . . . . . Parts Damaged . | . . . . . . . Bothacking | -11 -10 -10 -10 -9 -8 -8 ------------ Run | Yrd Mat Min Exi Min Mat Gar Used RIF Installer . | . . . . . . . Robots Hacked . | . . . . . . . Non-combat . | . . . . . . . Combat . | . . . . . . . Robot Hacks Applied . | . . . . . . . Relay Couplers Released 4 | . . . . . . 4 Machine Destruction 4 | . . . . . . 4 Fabnet Peak Effective % . | . . . . . . . Robots Rewired 2 | . . . . . . 2 Allies Hacked . | . . . . . . . Hacks Repelled . | . . . . . . . Allies | -11 -10 -10 -10 -9 -8 -8 -------- Run | Yrd Mat Min Exi Min Mat Gar Total Allies 3 | . . 1 . . . 2 Largest Group 2 | . . 1 1 . . 2 Highest-Rated Group 56 | . . 31 31 . . 56 Highest-Rated Ally 31 | . . 31 31 . . 31 Total Orders . | . . . . . . . Ally Attacks 26 | . . 16 . . . 10 Total Damage 390 | . . 166 . . . 224 Kills 7 | . . 4 . . . 3 Allies Corrupted . | . . . . . . . Allies Melted . | . . . . . . . Intel | -11 -10 -10 -10 -9 -8 -8 ------- Run | Yrd Mat Min Exi Min Mat Gar Robot Analysis Total . | . . . . . . . Derelict Logs Recovered 3 | . . 2 . 1 . . Drone Launches . | . . . . . . . Drone Recoveries . | . . . . . . . Exploration | -11 -10 -10 -10 -9 -8 -8 ------------- Run | Yrd Mat Min Exi Min Mat Gar Turns Passed 7345 | 370 204 1256 504 133 2168 2710 Spaces Moved 2260 | 243 123 627 261 70 234 702 Core 34 | 18 . . . . . 16 Treads 33 | . . . . . . 33 Legs 907 | . . 576 261 70 . . Wheels 399 | 225 123 51 . . . . Hover . | . . . . . . . Flight 887 | . . . . . 234 653 Fastest Speed 50 | 50 80 80 190 190 50 50 Average Speed 114 | 77 80 181 190 190 50 59 Slowest Speed 450 | 80 80 260 190 190 50 450 Overloaded Moves . | . . . . . . . Propulsion Burnouts . | . . . . . . . Robots Hopped . | . . . . . . . Cave-ins Triggered . | . . . . . . . Exploration Rate (%) 42 | 11 28 98 64 18 12 67 Regions Visited 6 Branch Regions 3 Pre-discovered Areas 4 | . . 3 . 1 . . Known Exits Taken 1 | . . . . . 1 . Unknown Exits Taken 5 | 1 1 1 1 1 . . Scrap Searched 1 | . . 1 . . . . Spaces Dug 1 | . . . . . . 1 Terrain Destroyed 77 | . . 5 . . . 72 Melee 1 | . . . . . . 1 Projectile 1 | . . 1 . . . . AOE 75 | . . 4 . . . 71 Terrain Rammed . | . . . . . . . Walls Destroyed . | . . . . . . . Machines Disabled . | . . . . . . . Actions | -11 -10 -10 -10 -9 -8 -8 --------- Run | Yrd Mat Min Exi Min Mat Gar Total 6655 | 344 165 714 271 70 2266 2825 Wait 4030 | . 4 36 4 . 2011 1975 Move 2254 | 242 122 626 260 69 233 702 Hop . | . . . . . . . Pick Up 47 | 12 2 14 1 . 6 12 Fast Attach 2 | . . . . . . 2 Attach 27 | 7 . 5 . . 3 12 Detach . | . . . . . . . Swap 29 | . 3 6 2 1 2 15 Drop 17 | . . 6 4 . 2 5 Fire 184 | 83 34 21 . . 9 37 Melee 59 | . . . . . . 59 Ram . | . . . . . . . Kick . | . . . . . . . Crush . | . . . . . . . Escape Stasis 6 | . . . . . . 6 Rewire . | . . . . . . . Trap . | . . . . . . . Miscellaneous . | . . . . . . . Route ------- -11/Scrapyard -10/Materials -10/Mines (discovered 3 exits: [*Mat x2] / *Exi) -10/Exiles -9/Mines -8/Materials (discovered 2 exits: [*Sto] / Gar) -8/Garrison (discovered 2 exits: *Mat x2) History --------- Turn | Location | Event 4 | -11/Scrapyard | Discovered new exit (range 15) 371 | -11/Scrapyard | Entered Materials 372 | -10/Materials | Build established: Mutant 521 | -10/Materials | Core integrity fell below 50% 550 | -10/Materials | Destroyed 9 combat bots 564 | -10/Materials | Discovered new exit (range 14) 575 | -10/Materials | Entered Mines 595 | -10/Mines | Found a hidden stash of uninstalled traps 638 | -10/Mines | Learned location of Zion (-7) 649 | -10/Mines | Escorted by a lone wolf Derelict 669 | -10/Mines | Learned location of Storage (-8) 673 | -10/Mines | Lost 5 parts (1p1n1u2w) 746 | -10/Mines | Discovered new exit (range 10) 1011 | -10/Mines | Build established: Scavenger-Mutant 1402 | -10/Mines | Discovered new exit (range 7) 1414 | -10/Mines | Build established: Mutant 1654 | -10/Mines | Met a Derelict shopkeep closing up shop 1822 | -10/Mines | Deemed a non-threat by the Exiles lab entrance 1822 | -10/Mines | Discovered new exit (range 5) 1831 | -10/Mines | Entered Exiles 1831 | -10/Exiles | Accompanied by 1 ally 1883 | -10/Exiles | Met 8R-AWN 1915 | -10/Exiles | Met EX-HEX 1979 | -10/Exiles | Met EX-BIN 2000 | -10/Exiles | Aligned with FarCom system 2002 | -10/Exiles | Given EX-Vault access code 2046 | -10/Exiles | Opened EX-Vault 2057 | -10/Exiles | Found Prototype Flight Unit 2096 | -10/Exiles | Warned to stay clear of 0b10 Research branches 2229 | -10/Exiles | Met EX-DEC 2316 | -10/Exiles | Discovered new exit (range 12) 2335 | -10/Exiles | Left Exiles lab with Flying Fortress v7 2335 | -10/Exiles | Entered Mines 2355 | -9/Mines | Met a Derelict bent on vengeance 2428 | -9/Mines | Discovered new exit (range 13) 2468 | -9/Mines | Entered Materials 2468 | -8/Materials | Evolved 4 slots: Propulsion x2, Utility x2 2470 | -8/Materials | Identified Flying Fortress v7 2744 | -8/Materials | Discovered new exit (range 10) 2761 | -8/Materials | Build established: Scout 4636 | -8/Materials | Identified exit to Garrison 4636 | -8/Materials | Entered Garrison 5156 | -8/Garrison | Triggered checkpoint 5322 | -8/Garrison | Triggered checkpoint 5330 | -8/Garrison | Triggered checkpoint 5401 | -8/Garrison | Lost 3 parts (1p2w) 5512 | -8/Garrison | Discovered new exit (range 12) 5594 | -8/Garrison | Phase Generator disabled 6148 | -8/Garrison | Triggered checkpoint 6309 | -8/Garrison | Garrison Relay disabled 6411 | -8/Garrison | Identified exit to Materials 6914 | -8/Garrison | Triggered checkpoint 6972 | -8/Garrison | Lost 3 parts (1p1n1w) 7017 | -8/Garrison | Discovered exit to Materials (range 16) 7280 | -8/Garrison | Core integrity fell below 50% 7323 | -8/Garrison | Core integrity fell below 20% 7335 | -8/Garrison | Lost 4 parts (1p1u2w) 7346 | -8/Garrison | Destroyed by Y-45 Defender with Beam Rifle Last Messages --------------- Y-45 Defender system corrupted by crushing effect. Y-45 Defender destroyed. Y-45 Defender misfires. Great Maul destroyed. Slug penetrates Y-45 Defender. KE Penetrator destroyed. Y-45 Defender IFF system glitched. Trap Scanner destroyed. Acquired Tesla Rifle. Lgt. Armor Plating fried. Y-45 Defender destroyed. System corrupted: Heat flow error (+217). ALERT: Garrison interior compromised. Critical hit (Burn: +37). Tesla Rifle destroyed. Acquired Corrupted Beam Rifle. Integrated Corrupted Beam Rifle (+1). Complication: Energy sink damages Corrupted Beam Rifle (-24). Map ----- +----------------------------------------------------+ | | | ?????????????????????????????????????????????????? | | ?????????????????????????????????????????????????? | | ?????????????????????????????????????????????????? | | ?????????????????????????????????????????????????? | | ?????????????????????????????????????????????????? | | ?????????????????????????????????????????????????? | | ?????????????????????????????????????????????????? | | ?????????????????????????????????????????????????? | | ?????????????????????????????????????????????????? | | ?????????????????????????????????????????????????? | | ?????????????????????????????????????????????????? | | ?????????????????????????????????????????????????? | | ???????????????????????????#???????#?????????????? | | ???????????????????????#???????????#?????????????? | | ???????????????????????????#?#?????????#?????????? | | ????????????????????#???########?####??#?????????? | | ???????????????????#???###?##?###???##??#????????? | | ?????????????????????###############?#???? ??????? | | ???????????????????##?#"""""" """####?##" ???????? | | ?????????????????#?####"""|[!= ""#?#?###" ???????? | | ??????????????????#?###"" ^!!! "####?##???? ????? | | ?????????????????#?####"==[^%!*="#######?"?? ????? | | ?????????????????#?##?#"!Y#### ="######### ??????? | | ????????????????#?##?##"!=# ![="#?#??##?#?# ????? | | ????????????????? ##?##" @ #[] ##?######## ???? | | ???????????????